 Dungeon Crawl Stone Soup version 0.20.1-1-g8b1a95d (webtiles) character file.

1366 Firecrotchwizard the Conjurer (level 8, -6/57 HPs)
             Began as a White Draconian Fire Elementalist on Oct 24, 2017.
             Was a Follower of Vehumet.
             Engulfed by a steam dragon's steam (15 damage)
             ... on level 7 of the Dungeon.
             The game lasted 00:27:54 (8160 turns).

Firecrotchwizard the Conjurer (DrFE)                Turns: 8160, Time: 00:27:55

Health: -6/57      AC:  9    Str: 13    XL:     8   Next: 38%
Magic:  10/11      EV: 15    Int: 18    God:    Vehumet [*.....]
Gold:   264        SH:  0    Dex: 11    Spells: 3/11 levels left

rFire    . . .     SeeInvis .   i - +2 morningstar (freeze)
rCold    + . .     Gourm    .   (no shield)
rNeg     . . .     Faith    .   (armour unavailable)
rPois    .         Spirit   .   (helmet restricted)
rElec    .         Reflect  .   (no cloak)
rCorr    .         Harm     .   j - +2 pair of gloves
MR       .....                  (no boots)
Stlth    ++........             (no amulet)
Regen    0.2/turn               o - +3 ring of evasion
MPRegen  0.2/turn               s - +2 ring of strength

@: no status effects
A: breathe frost, unfitting armour, cold resistance 1, cold-blooded, AC +6
a: Breathe Frost, Renounce Religion


You were on level 7 of the Dungeon.
You worshipped Vehumet.
Vehumet was aware of your devotion.
You were not hungry.

You visited 2 branches of the dungeon, and saw 8 of its levels.

You collected 264 gold pieces.

Inventory:

Hand Weapons
 i - a +2 morningstar of freezing (weapon)
   (You took it off an orc on level 3 of the Dungeon)
Missiles
 f - 11 poisoned needles
Armour
 j - a +2 pair of gloves (worn)
   (You found it on level 1 of the Dungeon)
Jewellery
 o - a +3 ring of evasion (left hand)
   (You found it on level 3 of the Dungeon)
 s - a +2 ring of strength (right hand)
   (You found it on level 4 of the Dungeon)
Scrolls
 d - 4 scrolls of identify
 p - 4 scrolls of remove curse
Potions
 c - a potion of degeneration {unknown}
 h - 3 potions of haste
 l - 3 potions of might {unknown}
 m - 3 potions of curing {unknown}
 n - a potion of magic {unknown}
 q - a potion of agility {unknown}
Books
 a - a book of Flames
 e - a book of Minor Magic
   (You found it on level 6 of the Dungeon)
Comestibles
 b - a chunk of flesh {@w0}
 g - 4 royal jellies
 k - a bread ration {@e1}


   Skills:
 - Level 1.7 Dodging
 - Level 1.7 Stealth
 + Level 2.2 Spellcasting
 + Level 7.5 Conjurations
 - Level 6.2 Fire Magic


You had 3 spell levels left.
You knew the following spells:

 Your Spells              Type           Power        Failure   Level  Hunger
a - Flame Tongue          Conj/Fire      ####.        1%          1    #......
c - Conjure Flame         Conj/Fire      ####....     3%          3    ###....
s - Sticky Flame          Conj/Fire      ####....     10%         4    #####..


Dungeon Overview and Level Annotations

Branches:
Dungeon (7/15)             Temple (1/1) D:4

Altars:
Ashenzari
Cheibriados
Elyvilon
Fedhas
Hepliaklqana
Nemelex Xobeh
Okawaru
Sif Muna
Trog
Uskayaw
Vehumet
Xom
Yredelemnul
Zin
The Shining One

Shops:
D:5 *

Annotations:
D:3 exclusion: orc
D:4 Blork the orc; Duvessa; LordPorkins's ghost, amateur SpEn; Pikel
D:5 exclusion: Menkaure, Menkaure


Innate Abilities, Weirdness & Mutations

You can breathe waves of freezing cold.
You can buffet flying creatures when you breathe cold.
Your icy white scales are hard. (AC +6)
You cannot fit into any form of body armour.
Your flesh is cold resistant. (rC+)
You are cold-blooded and may be slowed by cold attacks.


Message History

The killer bee moves out of view.
The shadow imp lashes its tail.
A hippogriff comes into view.
There is a stone staircase leading up here.
The hippogriff screeches!
The teleport trap disappears.
The hippogriff disappears!
You climb upwards.
There is a stone staircase leading down here.
There is a stone staircase leading down here.
Okay, then.
You climb downwards.
A leopard gecko comes into view.
There is a stone staircase leading up here.
The leopard gecko hisses angrily.
The leopard gecko bites you but does no damage.
You hit the leopard gecko.
The leopard gecko seems to slow down.
You freeze the leopard gecko.
You kill the leopard gecko!
Vehumet accepts your kill.
No target in view!
You butcher the leopard gecko corpse.
b - 15 chunks of flesh {@w0} (gained 1) Some of the chunks of flesh in your inventory have rotted away.
Found a stone staircase leading down.
You now have 234 gold pieces (gained 10).
Some of the chunks of flesh in your inventory have rotted away.
There is a stone staircase leading up here.
g - 4 royal jellies (gained 1)
There is a stone staircase leading up here.
You now have 245 gold pieces (gained 11).
d - 4 scrolls of identify (gained 1)
You now have 264 gold pieces (gained 19).
Unknown command.
A howler monkey comes into view.
Aim: a howler monkey The flame tongue hits the howler monkey.
You now have 10/11 mp.
Aim: a howler monkey (severely wounded)
The flame tongue hits the howler monkey.
You kill the howler monkey!
Vehumet accepts your kill.
You now have 9/11 mp.
Okay, then.
Okay, then.
You start resting.
MP restored: 11
k - a bread ration {@e1} A crimson imp comes into view.
The crimson imp shouts!
A leopard gecko and a jelly come into view.
An orc comes into view.
You barely miss the crimson imp.
The orc shouts!
The jelly quivers.
Your tail-slap misses the crimson imp.
The crimson imp laughs crazily.
The crimson imp hits you but does no damage.
A steam dragon comes into view.
You miss the crimson imp.
Your tail-slap misses the crimson imp.
The crimson imp misses you. The leopard gecko bites you.
The crimson imp shouts, "Slither home, thou ducking flat-headed deadneck!"
The crimson imp hits you.
You take 3 damage, and have 54/57 hp.
The crimson imp blinks!
The leopard gecko closely misses you.
You barely miss the leopard gecko. The leopard gecko closely misses you.
The leopard gecko completely misses you.
The steam dragon breathes steam at you.
The ball of steam misses the leopard gecko.
The ball of steam hits you!
You take 19 damage, and have 36/57 hp.
MASSIVE DAMAGE!!
The leopard gecko is engulfed in a cloud of scalding steam.
The leopard gecko dies!
The jelly is engulfed in a cloud of scalding steam.
You puncture the jelly! You freeze the jelly.
You kill the jelly!
Vehumet accepts your kill. The steam dragon breathes steam at you.
The ball of steam misses you. The steam dragon breathes steam at you.
The ball of steam hits you!
You take 12 damage, and have 26/57 hp.
MASSIVE DAMAGE!!
You start resting.
Aim: a steam dragon The flame tongue misses the steam dragon.
The steam dragon bites you!
The steam dragon claws you but does no damage.
You take 7 damage, and have 23/57 hp.
You now have 10/11 mp.
You closely miss the steam dragon. The steam dragon breathes steam at you.
The ball of steam hits you!
* * * LOW HITPOINT WARNING * * *
The steam dragon completely misses you. The steam dragon misses you.
You take 14 damage, and have 9/57 hp.
MASSIVE DAMAGE!!
You barely miss the steam dragon.
Your tail-slap misses the steam dragon.
You are engulfed in a cloud of scalding steam.
You die...

..###############.....#.#
..............##.......#
###########............#
#####........#
#.........# # #.........#
### #§........# ..#
##§.......# ..##
##@......#
...##############D.....#
..........5D...........#
....####################
...## #### #


You could see a steam dragon.

Vanquished Creatures
  Edmund (D:6)
  An ice beast (D:5)
  An orc warrior (D:6)
  A phantom (D:6)
  A bullfrog (D:5)
  2 howler monkeys
  3 crimson imps
  3 bullfrog zombies
  A centaur zombie (D:6)
  A quasit (D:6)
  A centaur skeleton (D:6)
  3 jellies
  An orc priest (D:5)
  A hound (D:5)
  A bullfrog skeleton (D:6)
  An orc wizard (D:5)
  6 worker ants
  A hound skeleton (D:6)
  A howler monkey zombie (D:6)
  4 worker ant zombies (D:6)
  3 adders
  A shadow imp (D:5)
  2 oozes
  An adder skeleton (D:5)
  A worm (D:2)
  5 leopard geckos
  20 orcs
  12 bats
  4 giant cockroaches
  2 goblins
  10 hobgoblins
  2 quokkas
  2 ball pythons
  5 frilled lizards
  A goblin skeleton (D:2)
  A goblin zombie (D:2)
  A jackal zombie (D:6)
  4 kobolds
  2 rats
114 creatures vanquished.

Vanquished Creatures (others)
  A leopard gecko (D:7)
  An orc (D:7)
  A hobgoblin (D:2)
  A quokka (D:6)
4 creatures vanquished.

Grand Total: 118 creatures vanquished

Notes
Turn   | Place    | Note
-------+----------+-------------------------------------------
     0 | D:1      | Firecrotchwizard the Draconian Fire Elementalist began the quest for the Orb.
     0 | D:1      | Reached XP level 1. HP: 14/14 MP: 3/3
   314 | D:1      | Reached XP level 2. HP: 20/20 MP: 3/5
   658 | D:1      | Reached skill level 2 in Conjurations
   935 | D:1      | Reached XP level 3. HP: 23/26 MP: 6/6
  1008 | D:1      | Learned a level 3 spell: Conjure Flame
  1324 | D:2      | Found a white marble altar of Elyvilon.
  1324 | D:2      | Found an iron altar of Okawaru.
  1325 | D:2      | Found a shattered altar of Ashenzari.
  1326 | D:2      | Found a bloodstained altar of Trog.
  1520 | D:2      | Found a runed door.
  1522 | D:2      | Noticed a human
  1528 | D:2      | Found a basalt altar of Yredelemnul.
  1538 | D:2      | Reached skill level 3 in Conjurations
  2187 | D:3      | Reached XP level 4. HP: 30/33 MP: 7/7
  2212 | D:3      | Found a hide-covered altar of Uskayaw.
  2375 | D:3      | Found a glowing golden altar of the Shining One.
  2462 | D:3      | You fall through a shaft for 3 floors!
  2462 | D:6      | Noticed a phantom
  2494 | D:5      | Entered Level 5 of the Dungeon
  2520 | D:5      | Noticed Menkaure
  2736 | D:5      | Found Wachioc's General Store.
  3109 | D:3      | Reached skill level 4 in Fire Magic
  3328 | D:3      | Reached skill level 4 in Conjurations
  3633 | D:4      | Reached XP level 5. HP: 30/38 MP: 3/8
  3803 | D:4      | Found a staircase to the Ecumenical Temple.
  3804 | D:4      | Noticed Blork the orc
  3815 | D:4      | Noticed LordPorkins's ghost (amateur SpEn)
  3819 | Temple   | Entered the Ecumenical Temple
  3837 | Temple   | Became a worshipper of Vehumet
  4317 | D:4      | HP: 8/38 [LordPorkins's ghost/spray of energy (17)]
  4325 | D:4      | Found a deep blue altar of Sif Muna.
  4672 | D:4      | Noticed a slave
  4673 | D:4      | Noticed a slave
  4703 | D:4      | Noticed a slave
  4705 | D:4      | Noticed a slave
  4706 | D:4      | Noticed Pikel
  4738 | D:4      | Found a shimmering altar of Xom.
  4739 | D:4      | Found a hazy altar of Hepliaklqana.
  4739 | D:4      | Noticed a wyvern
  4740 | D:4      | Noticed a wyvern
  4740 | D:4      | Noticed a spectral ugly thing
  4749 | D:4      | Noticed Duvessa
  5134 | D:5      | Reached XP level 6. HP: 45/45 MP: 4/9
  5156 | D:5      | HP: 11/45 [shadow imp (4)]
  5158 | D:5      | Reached skill level 5 in Fire Magic
  5164 | D:5      | HP: 9/45 [poisoned by a worker ant]
  5172 | D:5      | HP: 8/45 [poisoned by a worker ant]
  5437 | D:5      | Noticed an ice beast
  5446 | D:5      | Killed an ice beast
  5446 | D:5      | Reached skill level 5 in Conjurations
  5769 | D:5      | Your scales start taking on an icy white colour.
  5769 | D:5      | Reduced skill Fire Magic to level 4
  5769 | D:5      | Reached XP level 7. HP: 40/50 MP: 10/10
  5769 | D:5      | Gained mutation: Your flesh is cold resistant. (rC+) [White Draconian growth]
  5933 | D:5      | Learned a level 4 spell: Sticky Flame
  6774 | D:6      | Noticed Edmund
  6779 | D:6      | Found a white marble altar of Elyvilon.
  6817 | D:6      | Found a sparkling altar of Nemelex Xobeh.
  6822 | D:6      | Reached skill level 6 in Conjurations
  6822 | D:6      | Reached skill level 5 in Fire Magic
  6908 | D:6      | Found a basalt altar of Yredelemnul.
  7222 | D:6      | Reached XP level 8. HP: 57/57 MP: 11/11
  7409 | D:6      | Reached skill level 7 in Conjurations
  7426 | D:6      | Reached * piety under Vehumet
  7426 | D:6      | Offered knowledge of Shock by Vehumet.
  7434 | D:6      | Reached skill level 6 in Fire Magic
  7636 | D:6      | Killed Edmund
  7959 | D:7      | Noticed a hippogriff
  8159 | D:7      | HP: 9/57 [steam dragon/ball of steam (15)]
  8160 | D:7      | Engulfed by a steam dragon's steam

Skill      XL: |  1  2  3  4  5  6  7  8 |
---------------+-------------------------+-----
Conjurations   | 2 3 4 5 6 7 |  7.5
Fire Magic     | 4 4 5 6 |  6.2
Dodging        | |  1.7
Stealth        | |  1.7
Spellcasting   | |  2.2

Action                   |  1- 3 |  4- 6 |  7- 9 || total
-------------------------+-------+-------+-------++-------
Melee: Hand axe          |    55 |       |       ||    55
       Unarmed           |     5 |       |       ||     5
       Tailslap          |     6 |    10 |    14 ||    30
       Spear             |    63 |   124 |       ||   187
       Morningstar       |       |    52 |   125 ||   177
 Cast: Flame Tongue      |    37 |    61 |    44 ||   142
       Sticky Flame      |       |       |     1 ||     1
  Use: Scroll            |     9 |       |       ||     9
       Potion            |       |     1 |       ||     1
 Stab: Sleeping          |     3 |       |       ||     3
  Eat: Chunk             |     5 |     1 |     2 ||     8
       Meat ration       |       |     2 |       ||     2
       Bread ration      |       |     1 |     1 ||     2
Armor: Skin              |    60 |    62 |    68 ||   190
Dodge: Dodged            |   122 |   155 |   153 ||   430

Vault maps used:
D:1:      lemuel_arrival_river_bridge
D:2:      minitemple, dk_yredelemnul_ordeal
D:3:      overflow_temple_1_default, overflow_temple_1_default, serial_forest,
          infiniplex_forest_clump_small, infiniplex_forest_end_1,
          infiniplex_forest_clump_tiny, infiniplex_forest_lined_2,
          infiniplex_forest_clump_double, infiniplex_forest_straight_4,
          infiniplex_forest_lined_2
D:4:      regret_index_temple_of_mockery, minmay_temple_entry_trees,
          nicolae_alphabet_shops, led_sif_pool, uniq_blork_the_orc,
          uniq_duvessa, uniq_crazy_yiuf_cottage, uniq_pikel
D:5:      first_bread, serial_shops, nicolae_shop_window_shopping, fountainhead,
          uniq_menkaure
D:6:      nemelex_xobeh_ov_fountains_minmay, basic_altar, serial_undead,
          serial_undead_b, serial_undead_c, serial_undead_a, serial_undead_b,
          serial_undead_f, serial_undead_f, serial_undead_e, elyvilon_altar_4,
          uniq_edmund
D:7:      marbit_many_paths, lemuel_doored_altar
Temple:   dpeg_three_leaves_temple

Table legend:
 A = Turns spent in this place as a percentage of turns spent in the entire game.
 B = Non-inter-level travel turns spent in this place as a percentage of non-inter-level travel turns spent in the entire game.
 C = Inter-level travel turns spent in this place as a percentage of turns spent in this place.
 D = Turns resting spent in this place as a percentage of non-inter-level travel turns spent in this place.
 E = Turns spent auto-exploring this place as a percentage of non-inter-level travel turns spent in this place.
 F = Non-inter-level travel turns spent in this place divided by the number of levels of this place that you've seen.
                   A       B       C       D       E      F
               +-------+-------+-------+-------+-------+----------------------
         Total | 100.0 | 100.0 |   0.3 |   6.5 |   6.6 | 278.0
       Dungeon |  98.4 |  98.4 |   0.3 |   6.1 |   6.7 | 312.6
        Temple |   1.6 |   1.6 |   0.0 |  27.8 |   0.0 |  36.0
               +-------+-------+-------+-------+-------+----------------------

Table legend:
 A = Kills in this place as a percentage of kills in entire the game.
 B = Kills by you in this place as a percentage of kills by you in the entire game.
 C = Kills by friends in this place as a percentage of kills by friends in the entire game.
 D = Other kills in this place as a percentage of other kills in the entire game.
 E = Experience gained in this place as a percentage of experience gained in the entire game.
 F = Experience gained in this place divided by the number of levels of this place that you have seen.
                   A       B       C       D       E      F
               +-------+-------+-------+-------+-------+----------------------
         Total | 100.0 | 100.0 |  -nan |  -nan | 100.0 | 244.0
       Dungeon | 100.0 | 100.0 |  -nan |  -nan | 100.0 | 278.9
               +-------+-------+-------+-------+-------+----------------------
